 Dungeon Crawl Stone Soup version 0.28.0-53-g5a82cb258f (webtiles) character file.

Game seed: 4456968799189787744

151 MiltankisOP the Changer (level 5, 0/33 HPs)
             Began as an Octopode Transmuter on July 12, 2022.
             Slain by an orc
             ... wielding a +0 trident of protection
              (6 damage)
             ... on level 4 of the Dungeon.
             The game lasted 00:03:44 (3592 turns).

MiltankisOP the Changer (Octopode Transmuter)       Turns: 3592, Time: 00:03:45

Health: 0/33       AC:  5    Str:  9    XL:     5   Next: 33%
Magic:  0/10       EV: 13    Int: 15    God:
Gold:   118        SH:  0    Dex: 15    Spells: 10/11 levels left

rFire   . . .      SeeInvis .     - Unarmed
rCold   . . .      Faith    .   (no shield)
rNeg    . . .      Spirit   +   (helmet currently unavailable)
rPois   +          Reflect  .   k - amulet of guardian spirit
rElec   .          Harm     .   a - ring of poison resistance
rCorr   .          Rampage  .   l - +4 ring of protection
Will    .....                   (no ring)
Stlth   ++........              (no ring)
HPRegen 0.11/turn               (no ring)
MPRegen 0.12/turn               (no ring)
                                (no ring)
                                (no ring)

@: appendages (expiring)
A: tentacle spike 3, almost no armour, amphibious, 8 rings, camouflage 1,
gelatinous body 1, (nimble swimmer 1), tentacles
a: End Transformation


You were on level 4 of the Dungeon.
One of your tentacles had grown a beastly spike.
You visited 1 branch of the dungeon, and saw 4 of its levels.

You collected 118 gold pieces.

Inventory:

Jewellery
 a - a ring of poison resistance (left tentacle)
 b - a ring of ice
 k - an amulet of guardian spirit (around mantle)
 l - a +4 ring of protection (right tentacle)
Scrolls
 c - 3 scrolls of identify {unknown}
 e - a scroll of immolation {unknown}
 h - a scroll of holy word {unknown}
 i - 2 scrolls of noise {unknown}
Potions
 d - a potion of degeneration {unknown}
 f - 2 potions of heal wounds {unknown}
 g - 2 potions of mutation {unknown}
 j - a potion of curing {unknown}


   Skills:
 - Level 1.0 Fighting
 - Level 2.0 Dodging
 - Level 3.0 Unarmed Combat
 + Level 3.7 Spellcasting
 + Level 4.0 Transmutations


You had 10 spell levels left.
You knew the following spells:

 Your Spells              Type           Power      Damage    Failure   Level
a - Beastly Appendage     Tmut           28%        N/A       3%          1

Your spell library contained the following spells:

 Spells                   Type           Power      Damage    Failure   Level
 Wereblood                Tmut           14%        N/A       5%          2
 Passwall                 Tmut/Erth      6%         N/A       12%         2
 Animate Skeleton         Necr           4%         N/A       19%         1
 Apportation              Tloc           4%         N/A       19%         1
 Sandblast                Erth           4%         2d4       19%         1
 Summon Small Mammal      Summ           8%         N/A       19%         1
 Spider Form              Tmut/Pois      8%         N/A       24%         3
 Stone Arrow              Conj/Erth      4%         3d7       50%         3
 Ice Form                 Ice/Tmut       8%         N/A       63%         4


Dungeon Overview and Level Annotations

Branches:
Dungeon (4/15)
 Temple: D:4-7

Altars:
Beogh

Shops:
D:3 *


Innate Abilities, Weirdness & Mutations

One of your tentacles has grown a beastly spike.
You cannot wear most types of armour.
You are amphibious.
You can wear up to eight rings at the same time.
Your skin changes colour to match your surroundings (Stealth+).
Your rubbery body absorbs attacks. (AC +1, EV +1)
((You are camouflaged when in or above water. (Stealth+)))
You have tentacles for arms and can constrict up to eight enemies at once.


Message History

You tentacle-slap the orc but do no damage.
Your grab misses the orc.
You pierce the orc, but do no damage.
The orc closely misses you.
You closely miss the orc. You grab the orc.
You pierce the orc, but do no damage.
Your transformation is almost over.
You constrict the orc, but do no damage.
The orc hits you but does no damage.
You tentacle-slap the orc but do no damage.
You constrict the orc, but do no damage.
The orc misses you.
You tentacle-slap the orc but do no damage.
You constrict the orc, but do no damage.
The orc hits you with a +0 trident of protection.
You tentacle-slap the orc but do no damage.
You pierce the orc, but do no damage.
You constrict the orc. The orc closely misses you.
You tentacle-slap the orc but do no damage.
The orc is moderately wounded.
You constrict the orc, but do no damage.
The orc hits you with a +0 trident of protection.
You are too injured to fight recklessly!
You tentacle-slap the orc but do no damage.
The orc is moderately wounded.
You constrict the orc, but do no damage.
The orc hits you with a +0 trident of protection!
You tentacle-slap the orc but do no damage.
You squeeze the orc, but do no damage.
The orc is moderately wounded.
You constrict the orc, but do no damage.
The orc hits you with a +0 trident of protection.
You tentacle-slap the orc but do no damage.
You pierce the orc, but do no damage.
The orc is moderately wounded.
You constrict the orc.
The orc hits you with a +0 trident of protection!
* * * LOW HITPOINT WARNING * * *
You release your grip on the orc.
The orc hits you from afar with a +0 trident of protection!
You die...

......#
######.....##
............##
.............#####
.......<.....#...
................
.#............#
........####..#
[....#.#)@....#
............#.#
.....#...##o#
.....#.### .# ....
#. .# .... .. .#
... ... .# .## ##


You could see an orc.

Vanquished Creatures
  An orc wizard (D:4)
  3 gnolls (D:3)
  3 adders
  6 dart slugs
  An orc (D:4)
  6 ball pythons
  4 endoplasms
  4 giant cockroaches
  6 goblins
  6 hobgoblins
  2 jackals (D:1)
  4 quokkas
  A bat (D:1)
  2 frilled lizards (D:1)
  3 kobolds (D:1)
  4 rats
56 creatures vanquished.

Vanquished Creatures (others)
  16 plants (D:3)
16 creatures vanquished.

Grand Total: 72 creatures vanquished

Notes
Turn   | Place    | Note
-------+----------+-------------------------------------------
     0 | D:1      | MiltankisOP the Octopode Transmuter began the quest for the
                  | Orb.
     0 | D:1      | Reached XP level 1. HP: 13/13 MP: 3/3
   336 | D:1      | Reached XP level 2. HP: 13/18 MP: 3/5
   836 | D:1      | Reached XP level 3. HP: 23/23 MP: 4/6
  1293 | D:1      | Found a faded altar of an unknown god.
  1377 | D:1      | Reached skill level 3 in Transmutations
  1912 | D:2      | Reached XP level 4. HP: 28/28 MP: 6/8
  3032 | D:3      | Found Joonnucuxt's Assorted Antiques.
  3296 | D:3      | Reached XP level 5. HP: 33/33 MP: 7/10
  3577 | D:4      | Reached skill level 4 in Transmutations
  3592 | D:4      | Slain by an orc

Illustrated notes

Levels and vault maps discovered:
D:1:      scummos_arrival_checkerplants, layout_loops_ring,
          hellmonk_ecumenical_altar_defaced_shrine
D:2:      layout_basic
D:3:      layout_loops_corners, serial_shops,
          nicolae_shop_competitors_out_of_business, serial_bayou_lagoon_b
D:4:      layout_basic, trog_hazing_becter, minmay_box_of_dots, uniq_grinder

Skill      XL: |  1  2  3  4  5 |
---------------+----------------+-----
Transmutations | 3 4 |  4.0
Spellcasting   | 3 |  3.7
Fighting       | |  1.0
Dodging        | |  2.0
Unarmed Combat | |  3.0

Action                   |  1- 3 |  4- 6 || total
-------------------------+-------+-------++-------
Melee: Unarmed           |    72 |    61 ||   133
       Constrict         |    28 |    17 ||    45
       Kick              |    18 |    20 ||    38
       Tentacles         |    11 |    15 ||    26
       Punch             |     2 |       ||     2
 Cast: Beastly Appendage |    20 |    15 ||    35
 Stab: Sleeping          |     4 |     2 ||     6
Armor: Skin              |     4 |     9 ||    13
Dodge: Dodged            |    36 |    29 ||    65
